 Dungeon Crawl Stone Soup version 0.28-a0-1629-gf728b70 (webtiles) character file.

Game seed: 3520864080420972321

7968 Illumine the Destroyer (level 11, -4/62 HPs)
             Began as a Tengu Conjurer on Jan 23, 2022.
             Was an Elder of Vehumet.
             Slain by an orc warrior (10 damage)
             ... in a bailey on Jan 24, 2022.
             The game lasted 00:23:17 (9999 turns).

Illumine the Destroyer (Tengu Conjurer)             Turns: 9999, Time: 00:23:18

Health: -4/62      AC: 10    Str:  7    XL:     11   Next: 23%
Magic:  2/31       EV: 16    Int: 23    God:    Vehumet [****..]
Gold:   413        SH:  5    Dex: 13    Spells: 6/24 levels left

rFire   . . .      SeeInvis .   d - staff of cold
rCold   + + .      Faith    .   (no shield)
rNeg    . . .      Spirit   .   o - +2 robe {rC+}
rPois   .          Reflect  +   (helmet restricted)
rElec   .          Harm     .   J - +0 cloak {Will+}
rCorr   .          Rampage  .   c - +0 pair of gloves
Will    +....                   (boots unavailable)
Stlth   ++........              j - amulet of reflection
HPRegen 0.20/turn               p - ring of magical power
MPRegen 0.22/turn               y - +4 ring of protection

@: about to teleport, flying quickly and evasively, quick
A: beak, talons 3, nimble flight
a: Renounce Religion


You were in a bailey.
You worshipped Vehumet.
Vehumet was greatly pleased with you.
You visited 3 branches of the dungeon, and saw 12 of its levels.
You also visited: Bailey.

You collected 533 gold pieces.
You spent 120 gold pieces at shops.

Inventory:

Hand Weapons
 H - a +5 spear
Missiles
 f - a throwing net
Armour
 c - a +0 pair of gloves (worn)
 o - a +2 robe of cold resistance (worn)
 J - a +0 cloak of willpower (worn)
Magical Staves
 d - a staff of cold (weapon)
Jewellery
 j - an amulet of reflection (around neck)
 p - a ring of magical power (left hand)
 r - a ring of ice
 y - a +4 ring of protection (right hand)
 A - an amulet of magic regeneration
 E - a +6 ring of strength
 F - a ring of ice
 I - the ring "Eppobedghoole" {rPois rC- rN+ EV+4 Str+2}
   (You took it off an orc on level 8 of the Dungeon)

   [ring of evasion]

   EV:        It affects your evasion (+4).
   Str:       It affects your strength (+2).
   rC:        It makes you vulnerable to cold.
   rPois:     It protects you from poison.
   rN:        It protects you from negative energy.
Wands
 D - a wand of paralysis (3)
Scrolls
 a - a scroll of fog {unknown}
 b - 4 scrolls of teleportation
 e - 2 scrolls of silence {unknown}
 g - 3 scrolls of vulnerability {unknown}
 h - a scroll of acquirement
 k - 2 scrolls of enchant weapon
 n - 3 scrolls of brand weapon {unknown}
 t - a scroll of holy word {unknown}
 u - 2 scrolls of enchant armour {unknown}
 w - 2 scrolls of amnesia {unknown}
 x - a scroll of torment {unknown}
 z - 2 scrolls of immolation
 B - a scroll of noise {unknown}
Potions
 i - 3 potions of brilliance
 l - 4 potions of heal wounds
 m - 4 potions of curing
 q - a potion of cancellation {unknown}
 s - 4 potions of attraction
 v - 3 potions of resistance
 C - 3 potions of mutation
 G - a potion of haste {unknown}
 K - a potion of might {unknown}
 L - a potion of magic {unknown}
 M - a potion of invisibility


   Skills:
 + Level 4.6 Fighting
 + Level 1.0 Polearms
 + Level 5.6 Dodging
 - Level 3.0 Stealth
 + Level 7.2 Spellcasting
 + Level 11.8 Conjurations
 - Level 3.4 Hexes
 + Level 3.6 Translocations
 + Level 6.9 Ice Magic
 - Level 2.3 Earth Magic


You had 6 spell levels left.
You knew the following spells:

 Your Spells              Type           Power      Damage    Failure   Level
a - Magic Dart            Conj           100%       1d8       1%          1
b - Searing Ray           Conj           100%       2d8       1%          2
c - Fulminant Prism       Conj/Hex       21%        3d13      1%          4
d - Stone Arrow           Conj/Erth      80%        3d12      1%          3
e - Hailstorm             Conj/Ice       67%        3d14      1%          4
f - Iskenderun's Mystic   Conj/Tloc      43%        2d10      1%          4

Your spell library contained the following spells:

 Spells                   Type           Power      Damage    Failure   Level
 Freezing Cloud           Conj/Ice/Air   26%        6-21      4%          5
 Slow                     Hex            96%        N/A       1%          1
 Dazzling Flash           Conj/Hex       86%        N/A       1%          3
 Confusing Touch          Hex            24%        N/A       5%          3
 Ice Form                 Ice/Tmut       36%        N/A       19%         4
 Vampiric Draining        Necr           8%         2d6       22%         3
 Animate Armour           Summ/Erth      26%        N/A       41%         4
 Simulacrum               Ice/Necr       18%        N/A       95%         6
 Lehudib's Crystal Spear  Conj/Erth      20%        10d6      99%         8


Dungeon Overview and Level Annotations

Branches:
Dungeon (10/15)            Temple (1/1) D:5            Lair (1/6) D:8
 Bailey (1/1)
    Orc: D:9-12

Altars:
Dithmenos
Elyvilon
Ru
Vehumet
Wu Jian
Zin

Shops:
D:3 !   D:4 [   D:7 ?(:=

Annotations:
D:4 Grinder


Innate Abilities, Weirdness & Mutations

You have a beak for a mouth.
You have claws for feet.
Your magical nature lets you fly swiftly and evasively.


Message History

Aiming: Stone Arrow (safe; 1% risk of failure)
Press: ? - help, Shift-Dir - straight line, f/p - orc warlord
Aim: an orc warlord, wielding a +1 long sword and wearing a +0 chain mail (almost dead, 82% to hit)
The stone arrow hits the orc warlord!
The orc warlord is almost dead.
Unknown command.
Okay, then.
Okay, then.
An orc warrior comes into view. It is wielding a +0 war axe.
The orc warrior shouts!
There is an open door here.
The orc warlord roars a battlecry!
The orc warrior goes into a battle-frenzy!
The orc warrior hits you with a +0 war axe!!
* * * LOW HITPOINT WARNING * * *
Casting: Stone Arrow (safe; 1% risk of failure)
Confirm with . or Enter, or press ? or * to list all spells.
You erupt in a blast of force!
The mystic blast hits the orc warrior.
The orc warrior is lightly wounded.
The orc warrior is knocked back by the mystic blast.
The orc warrior collides with the orc warlord!
The orc warlord is almost dead.
The orc warrior is moderately wounded. 2 orc warriors come into view.
The orc warrior moves out of view.
There is an open door here.
You block the orc warrior's attack.
You reach down and close the door.
The orc warrior hits you with a +0 hand axe.
* * * LOW HITPOINT WARNING * * *
As you read the scroll of teleportation, it crumbles to dust.
You feel strangely unstable.
The orc warrior hits you with a +0 hand axe!
* * * LOW HITPOINT WARNING * * *
The orc warrior closely misses you.
An orc warlord opens the door.
The orc warlord roars a battlecry!
The orc warriors go into a battle-frenzy!
The orc warrior hits you with a +0 war axe!
You die...

♣♣.......♣♣ ♣##'''##♣
##.....## #.......#
##.......##
#...)..)..#
##..)..))..##
#.....⌠.)...#######
##.........##.o.@.##
.'.......o.oo..o.).#
.##.......##...)...##
..#.......#.))).....#
o.##.....##.....)...##
...#######.....⌠.....#
o.## ##.........## ..#
#.........# .##
##....)..##


You could see an orc warlord and 4 orc warriors.

Vanquished Creatures
  2 orc knights (Bailey)
  A cyclops (D:8)
  A troll (D:10)
  A hornet (D:9)
  Sigmund (D:7)
  11 yaks
  3 steam dragons
  2 water moccasins
  13 orc warriors
  2 black bears (D:8)
  An ogre (D:6)
  A necrophage (D:7)
  4 centaurs
  A phantom (D:6)
  A kobold brigand (D:9)
  2 bullfrogs (D:8)
  4 scorpions
  9 killer bees
  8 wights
  A centaur zombie (D:10)
  2 hounds
  2 bullfrog zombies
  A centaur skeleton (D:7)
  A jelly (D:6)
  A gnoll shaman (D:6)
  An orc priest (D:8)
  Jessica (D:3)
  8 orc wizards
  A howler monkey zombie (D:7)
  16 gnolls
  A howler monkey skeleton (D:4)
  7 adders
  A shadow imp (D:6)
  A white imp (D:8)
  An adder skeleton (D:4)
  33 orcs
  6 ball pythons
  4 endoplasms
  4 giant cockroaches
  14 goblins
  24 hobgoblins
  9 kobolds
  3 bats
  3 frilled lizards
  4 rats
218 creatures vanquished.

Vanquished Creatures (others)
  An orc wizard (D:7)
  10 fungi (D:8)
  6 plants (D:8)
17 creatures vanquished.

Grand Total: 235 creatures vanquished

Notes
Turn   | Place    | Note
-------+----------+-------------------------------------------
     0 | D:1      | Illumine the Tengu Conjurer began the quest for the Orb.
     0 | D:1      | Reached XP level 1. HP: 10/10 MP: 4/4
   443 | D:1      | Reached XP level 2. HP: 15/15 MP: 3/6
   446 | D:1      | Learned a level 2 spell: Searing Ray
   992 | D:2      | Reached skill level 6 in Conjurations
  1376 | D:2      | Reached XP level 3. HP: 19/19 MP: 4/7
  1715 | D:3      | Noticed Jessica
  1717 | D:3      | Killed Jessica
  1718 | D:3      | Reached XP level 4. HP: 24/24 MP: 3/8
  1726 | D:3      | Learned a level 4 spell: Fulminant Prism
  2253 | D:3      | Found Risismul's Distillery.
  2268 | D:3      | Bought a potion of heal wounds for 50 gold pieces
  2318 | D:3      | Reached skill level 1 in Hexes
  2600 | D:4      | Found Hiamnots's Antique Armour Shoppe.
  2694 | D:4      | Gained mutation: Your magical nature lets you fly swiftly
                  | and evasively. [Tengu growth]
  2694 | D:4      | Reached XP level 5. HP: 19/28 MP: 10/10
  3004 | D:4      | Noticed Grinder
  3009 | D:5      | Entered Level 5 of the Dungeon
  3122 | D:5      | Noticed a centaur
  3192 | D:5      | Found a staircase to the Ecumenical Temple.
  3198 | D:5      | Learned a level 3 spell: Stone Arrow
  3208 | Temple   | Entered the Ecumenical Temple
  3279 | Temple   | Became a worshipper of Vehumet
  3356 | D:5      | Killed a centaur
  3357 | D:5      | Reached skill level 1 in Earth Magic
  3357 | D:5      | Reached XP level 6. HP: 26/32 MP: 8/12
  4431 | D:6      | Noticed a water moccasin
  4435 | D:6      | Killed a water moccasin
  4436 | D:6      | Reached skill level 7 in Conjurations
  4436 | D:6      | Reached XP level 7. HP: 36/36 MP: 12/13
  5124 | D:6      | Upgraded the game from 0.28-a0-1624-g820543e to
                  | 0.28-a0-1629-gf728b70
  5127 | D:6      | Reached skill level 8 in Conjurations
  5127 | D:6      | Reached skill level 1 in Ice Magic
  5127 | D:6      | Reached XP level 8. HP: 41/41 MP: 14/14
  5146 | D:6      | Learned a level 4 spell: Hailstorm
  5518 | D:7      | Found Udaecs's Jewellery Shop.
  5519 | D:7      | Reached * piety under Vehumet
  5519 | D:7      | Offered knowledge of Freeze by Vehumet.
  5581 | D:7      | Found Utedeis's Book Shop.
  5641 | D:7      | Reached skill level 9 in Conjurations
  5784 | D:7      | Found Tabugam's Weapon Shoppe.
  5868 | D:7      | Noticed Sigmund
  5891 | D:7      | Killed Sigmund
  5892 | D:7      | Reached skill level 5 in Spellcasting
  5892 | D:7      | Reached XP level 9. HP: 45/45 MP: 17/17
  5942 | D:7      | Found Esmiacwo's Magic Scroll Shop.
  5950 | D:7      | Bought a scroll of identify for 28 gold pieces
  5950 | D:7      | Bought a scroll of teleportation for 42 gold pieces
  6111 | D:8      | Noticed a cyclops
  6137 | D:8      | HP: 1/45 [cyclops (21)]
  6138 | D:8      | Killed a cyclops
  6502 | D:8      | Reached skill level 5 in Ice Magic
  6869 | D:8      | Reached skill level 10 in Conjurations
  6896 | D:8      | Offered knowledge of Sandblast by Vehumet.
  6905 | D:8      | Reached ** piety under Vehumet
  7105 | D:8      | Reached skill level 1 in Fighting
  7166 | D:8      | Found a staircase to the Lair.
  7278 | Lair:1   | Entered Level 1 of the Lair of Beasts
  7278 | Lair:1   | Noticed a seven-headed hydra
  7286 | D:8      | Learned a level 4 spell: Iskenderun's Mystic Blast
  7520 | D:8      | Identified the ring "Eppobedghoole" {rPois rC- rN+ EV+4
                  | Str+2}
  7665 | D:8      | Reached skill level 1 in Translocations
  7889 | D:8      | Reached XP level 10. HP: 53/53 MP: 20/20
  8051 | D:8      | Found an ornate altar of the Wu Jian Council.
  8051 | D:8      | Found a glowing silver altar of Zin.
  8593 | D:9      | Reached skill level 11 in Conjurations
  9081 | D:10     | Entered Level 10 of the Dungeon
  9082 | D:10     | Offered knowledge of Poisonous Vapours by Vehumet.
  9143 | D:10     | Reached skill level 5 in Dodging
  9222 | D:10     | Found a flagged portal.
  9223 | D:10     | Reached *** piety under Vehumet
  9240 | Bailey   | Entered a bailey
  9329 | Bailey   | Noticed an orc knight
  9339 | Bailey   | Killed an orc knight
  9340 | Bailey   | Reached XP level 11. HP: 61/61 MP: 9/22
  9457 | Bailey   | Offered knowledge of Flame Wave by Vehumet.
  9917 | Bailey   | Reached **** piety under Vehumet
  9944 | Bailey   | Noticed an orc warlord
  9945 | Bailey   | Noticed an orc knight
  9952 | Bailey   | Killed an orc knight
  9953 | Bailey   | Offered knowledge of Freezing Cloud by Vehumet.
  9954 | Bailey   | Reached skill level 1 in Polearms
  9999 | Bailey   | Slain by an orc warrior

Illustrated notes

Levels and vault maps discovered:
D:1:      minmay_arrival_up_and_down, layout_basic
D:2:      layout_rooms, grunt_decor_arrowhead, minmay_quantized
D:3:      kennysheep_big_flooded_room, layout_basic, serial_shops, shop,
          minmay_misc_feat_hallway, hangedman_decor_peaks_small, uniq_jessica
D:4:      layout_basic, serial_shops, nicolae_shop_stone, uniq_grinder
D:5:      layout_basic, minmay_temple_entry_slanted
D:6:      layout_loops_ring, minmay_a_box_with_orc_wizards_in_it
D:7:      layout_rooms, serial_shops, nicolae_shop_bloodbath_and_beyond,
          nicolae_shop_statue_plus, nicolae_stop_n_shop_1, shop, sigmund_army
D:8:      layout_loops_ring, gammafunk_temple_overflow_elements,
          grunt_lair_entry_orc_guard_hut, st_stairs_12,
          kennysheep_generic_room_15
D:9:      layout_irregular_city
D:10:     layout_loops_corners, enter_bailey_5, corexii_hall_statues_x
Temple:   mainiacjoe_temple_big_plus
Lair:1:   layout_regular_city, lemuel_fruit_tree
Bailey:   bailey_axe_minmay_hex_keep, bailey

Skill      XL: |  1  2  3  4  5  6  7  8  9 10 11 |
---------------+----------------------------------+-----
Conjurations   | 6 7 8 9 10 11 | 11.8
Stealth        | 3 |  3.0
Hexes          | 1 2 3 |  3.4
Spellcasting   | 3 5 6 7 |  7.2
Earth Magic    | 1 2 |  2.3
Ice Magic      | 1 4 5 6 |  6.9
Fighting       | 2 4 |  4.6
Dodging        | 3 5 |  5.6
Translocations | 1 3 |  3.6
Polearms       | 1 |  1.0

Action                   |  1- 3 |  4- 6 |  7- 9 | 10-12 || total
-------------------------+-------+-------+-------+-------++-------
Melee: Staff             |       |     1 |    16 |       ||    17
       Kick              |       |       |     5 |     2 ||     7
       Punch             |       |       |     1 |       ||     1
       Spear             |       |       |       |     7 ||     7
       Peck              |       |       |       |     2 ||     2
 Cast: Magic Dart        |    42 |    50 |       |       ||    92
       Searing Ray       |       |     6 |       |       ||     6
       Stone Arrow       |       |    20 |   124 |    41 ||   185
       Hailstorm         |       |       |     2 |    36 ||    38
       Iskenderun's Myst |       |       |       |    20 ||    20
  Use: Scroll            |     1 |       |       |     9 ||    10
Armor: Robe              |     1 |     8 |    15 |     6 ||    30
Dodge: Dodged            |       |    12 |    19 |    13 ||    44
Block: Other             |       |     6 |     2 |     5 ||    13
       Reflection        |       |       |     1 |     1 ||     2

Table legend: (Time is in decaauts)
 A = Elapsed time spent in this place.
 B = Non-inter-level travel time spent in this place.
 C = Inter-level travel time spent in this place.
 D = Time resting spent in this place.
 E = Time spent auto-exploring this place.
 F = Levels seen in this place.
 G = Mean time per level.
                   A        B        C        D        E       F      G
               +--------+--------+--------+--------+--------+-----+--------+
         Total |   9626 |   9343 |    283 |   2199 |   5755 |  13 |  740.5 |
       Dungeon |   8790 |   8540 |    250 |   1896 |   5501 |  10 |  879.0 |
        Temple |    100 |     67 |     33 |      0 |     58 |   1 |  100.0 |
          Lair |      1 |      1 |      0 |      0 |      0 |   1 |    1.0 |
        Bailey |    733 |    733 |      0 |    302 |    195 |   1 |  733.0 |
               +--------+--------+--------+--------+--------+-----+--------+

Top non-repeatable levels by time:
     D:8: 1652 daAuts
     D:5: 1147 daAuts
     D:6: 1113 daAuts
     D:1: 988 daAuts
     D:3: 890 daAuts
     D:9: 871 daAuts
     D:7: 855 daAuts
  Bailey: 733 daAuts
     D:2: 720 daAuts
     D:4: 398 daAuts
    D:10: 152 daAuts
  Temple: 100 daAuts
  Lair:1: 1 daAuts
